 Dungeon Crawl Stone Soup version 0.21.1-1-g345015f (webtiles) character file.

8701 Falco the Grappler (level 11, -8/96 (97) HPs)
             Began as a Troll Hunter on May 4, 2018.
             Was a Priest of Trog.
             Mangled by a blink frog (13 damage)
             ... on level 2 of the Lair of Beasts.
             The game lasted 00:37:31 (8431 turns).

Falco the Grappler (Troll Hunter)                   Turns: 8431, Time: 00:37:31

HP:   -8/96 (97)    AC:  6    Str: 22    XL:     11   Next: 13%
MP:   10/10         EV: 12    Int: 10    God:    Trog [***...]
Gold: 303           SH:  0    Dex: 13    Spells: 10/10 levels left

rFire    . . .     SeeInvis +     - Unarmed
rCold    . . .     Gourm    +   (no shield)
rNeg     . . .     Faith    .   b - +0 robe
rPois    .         Spirit   .   O - +1 hat {Int+3}
rElec    .         Reflect  .   R - scarf {cloud immunity}
rCorr    .         Harm     .   (gloves unavailable)
MR       ++...                  (boots unavailable)
Stlth    ++........             (no amulet)
HPRegen  1.66/turn              F - ring of see invisible
MPRegen  0.12/turn              (no ring)

@: berserk cooldown, regenerating
A: large, unfitting armour, claws 3, fast metabolism 3, gourmand, regeneration
1, shaggy fur 1, tough skin 2
a: Berserk, Trog's Hand, Burn Spellbooks, Renounce Religion


You were on level 2 of the Lair of Beasts.
You worshipped Trog.
Trog was most pleased with you.
You were very full.

You visited 3 branches of the dungeon, and saw 13 of its levels.

You collected 506 gold pieces.
You spent 203 gold pieces at shops.

Inventory:

Hand Weapons
 a - a +0 short sword
 B - a cursed -3 blowgun
 L - a cursed -2 giant spiked club
 P - the +8 hand crossbow of Foolhardiness {flame, +Blink rF+ MR+ Dex-3}
   (You took it off a wight on level 9 of the Dungeon)

   It causes projectiles fired from it to burn those they strike, causing extra
   injury to most foes and up to half again as much damage against particularly
   susceptible opponents.
   It affects your dexterity (-3).
   It protects you from fire.
   It affects your resistance to hostile enchantments.
   It lets you blink.
Missiles
 c - 5 large rocks (quivered)
 d - 5 throwing nets
 o - 210 stones
 p - 8 curare-tipped needles
 r - 89 poisoned needles
 t - 38 bolts
 z - 3 tomahawks
 E - 122 arrows
 N - 7 javelins of penetration
Armour
 b - a +0 robe (worn)
 O - a +1 hat of intelligence (worn)
 R - a scarf of cloud immunity (worn)
Jewellery
 F - a ring of see invisible (left claw)
 Q - a +4 ring of protection {unknown}
Wands
 x - a wand of paralysis (8)
 I - a wand of flame (31)
 J - a wand of enslavement (12)
Scrolls
 h - 2 scrolls of enchant armour {unknown}
 k - 3 scrolls of teleportation {unknown}
 l - a scroll of immolation {unknown}
 m - a scroll of amnesia {unknown}
 n - a scroll of fog {unknown}
 u - a scroll of noise {unknown}
 w - 2 scrolls of fear {unknown}
 y - 2 scrolls of enchant weapon {unknown}
 A - 3 scrolls of blinking {unknown}
 C - 2 scrolls of magic mapping {unknown}
 D - 5 scrolls of remove curse {unknown}
 K - a scroll of random uselessness {unknown}
Potions
 e - a potion of flight {unknown}
 g - 3 potions of haste
 i - a potion of berserk rage {unknown}
 j - 3 potions of might
 q - 2 potions of heal wounds {unknown}
 s - 6 potions of curing {unknown}
 v - a potion of agility {unknown}
 G - 2 potions of degeneration {unknown}
 H - 3 potions of cancellation {unknown}
Books
 M - a book of Clouds

   Spells                             Type                      Level
   a - Poisonous Vapours              Poison/Air                   2
   b - Mephitic Cloud                 Conjuration/Poison/Air       3
   c - Conjure Flame                  Conjuration/Fire             3
   d - Freezing Cloud                 Conjuration/Ice/Air          6
   e - Ring of Flames                 Charms/Fire                  7
   Trog disapproves of the use of such an item.
Comestibles
 f - 20 rations
 S - 7 chunks of flesh


   Skills:
 + Level 3.6 Fighting
 + Level 0.4 Crossbows
 + Level 4.5 Throwing
 + Level 4.6 Dodging
 + Level 2.1 Stealth
 * Level 14.5 Unarmed Combat


You had 10 spell levels left.
You didn't know any spells.

Dungeon Overview and Level Annotations

Branches:
Dungeon (10/15)            Temple (1/1) D:4            Lair (2/6) D:9
  Swamp: Lair:2-4    Shoals: Lair:2-4     Snake: Lair:2-4    Spider: Lair:2-4
    Orc: D:9-12

Altars:
Ashenzari
Cheibriados
Dithmenos
Elyvilon
Fedhas
Gozag
Hepliaklqana
Kikubaaqudgha
Makhleb
Nemelex Xobeh
Okawaru
Qazlal
Ru
Sif Muna
Trog
Uskayaw
Vehumet
Wu Jian
Xom
Yredelemnul
Zin
The Shining One

Shops:
D:4 %   D:8 *


Innate Abilities, Weirdness & Mutations

You are too large for most types of armour.
You have claws for hands.
Your metabolism is lightning-fast.
You like to eat raw meat.
Your natural rate of healing is unusually fast.
You are covered in fur. (AC +1)
You have very tough skin. (AC +2)


Message History

* * * LOW HITPOINT WARNING * * *
You completely miss the blink frog.
The blink frog is heavily wounded.
The blink frog hits you but does no damage.
The blink frog blinks!
You scratch the blink frog.
The blink frog is lightly wounded.
You feel yourself speed up.
The blink frog blinks!
The blink frog misses you.
The blink frog blinks!
You claw the blink frog!
The blink frog is moderately wounded.
You feel the effects of Trog's Hand fading.
The blink frog hits you!
* * * LOW HITPOINT WARNING * * *
You miss the blink frog.
The blink frog is moderately wounded.
The blink frog hits you.
* * * LOW HITPOINT WARNING * * *
The blink frog blinks! x2; The blink frog hits you!
You die...

......#..#.........
.............#.....
..#.....÷#......$..
#........#.<.#.....
..#........PP....<.
...#.#..§.F...>.?..
P..................
......§..F.........
#......@F.§........
#....+.§#P?..###.##
....#..§.....# ##
....#F....#.##
#..P.....#.#
........#..
#..........##
#........#.
#...........


You could see 4 blink frogs.

Vanquished Creatures
  2 spiny frogs (Lair:1)
  A komodo dragon (Lair:1)
  The ghost of Spyfire242 the Tormented, an amateur OgNe of Kikubaaqudgha (D:4)
  6 blink frogs
  2 hippogriffs
  10 yaks
  3 wargs (D:9)
  Menkaure (D:4)
  A hungry ghost (D:7)
  3 orc warriors
  5 ice beasts
  2 phantoms
  2 sky beasts
  A black bear (D:9)
  A necrophage (D:9)
  3 centaurs
  4 ogres
  A crocodile (Lair:2)
  6 bullfrogs
  Blork the orc (D:4)
  4 scorpions
  4 wights (D:9)
  A howler monkey (D:5)
  A bullfrog zombie (D:9)
  A centaur zombie (D:5)
  4 crimson imps
  2 quasits
  5 hounds
  5 orc priests
  7 orc wizards
  A bullfrog skeleton (D:9)
  6 worker ants
  Ijyb (D:3)
  Natasha (twice) (D:4)
  2 iguanas
  A hound zombie (D:7)
  Robin (D:2)
  10 adders
  3 shadow imps
  An ooze (D:2)
  4 adder skeletons
  5 dart slugs
  4 leopard geckos
  18 orcs
  A ball python (D:1)
  4 giant cockroaches
  16 goblins
  4 hobgoblins
  11 jackals
  3 quokkas
  3 bats
  5 frilled lizards
  A jackal zombie (D:7)
  6 kobolds
  7 rats
210 creatures vanquished.

Vanquished Creatures (others)
  A bush (D:9)
1 creature vanquished.

Grand Total: 211 creatures vanquished

Notes
Turn   | Place    | Note
-------+----------+-------------------------------------------
     0 | D:1      | Falco the Troll Hunter began the quest for the Orb.
     0 | D:1      | Reached XP level 1. HP: 19/19 MP: 0/0
   243 | D:1      | Reached skill level 1 in Unarmed Combat
   243 | D:1      | Reached XP level 2. HP: 27/27 MP: 1/1
   655 | D:1      | Reached XP level 3. HP: 33/33 MP: 2/2
   999 | D:2      | Found a sacrificial altar of Ru.
  1378 | D:2      | Reached skill level 2 in Unarmed Combat
  1597 | D:2      | Noticed Robin
  1625 | D:2      | Killed Robin
  1625 | D:2      | Reached XP level 4. HP: 25/42 MP: 3/3
  2137 | D:3      | Noticed Ijyb
  2144 | D:3      | Paralysed by Ijyb for 4 turns
  2153 | D:3      | Paralysed by Ijyb for 2 turns
  2155 | D:3      | Killed Ijyb
  2155 | D:3      | Reached skill level 3 in Unarmed Combat
  2297 | D:3      | Reached XP level 5. HP: 43/49 MP: 4/4
  2420 | D:3      | Reached skill level 4 in Unarmed Combat
  2798 | D:3      | Found an opulent altar of Gozag.
  3193 | D:4      | Noticed Menkaure
  3197 | D:4      | Killed Menkaure
  3197 | D:4      | Reached skill level 5 in Unarmed Combat
  3197 | D:4      | Reached XP level 6. HP: 30/57 MP: 5/5
  3204 | D:4      | Noticed Spyfire242's ghost (amateur OgNe)
  3225 | D:4      | Killed Spyfire242's ghost
  3225 | D:4      | Reached skill level 6 in Unarmed Combat
  3225 | D:4      | Reached XP level 7. HP: 44/65 MP: 6/6
  3297 | D:4      | Found a hazy altar of Hepliaklqana.
  3309 | D:4      | Noticed Natasha
  3315 | D:4      | Killed Natasha
  3334 | D:4      | Found a shattered altar of Ashenzari.
  3352 | D:4      | Noticed Natasha
  3357 | D:4      | Killed Natasha
  3521 | D:4      | Found a sparkling altar of Nemelex Xobeh.
  3532 | D:4      | Noticed Blork the orc
  3535 | D:4      | Killed Blork the orc
  3535 | D:4      | Reached skill level 1 in Stealth
  3630 | D:4      | Reached skill level 7 in Unarmed Combat
  3648 | D:4      | Found a staircase to the Ecumenical Temple.
  3657 | Temple   | Entered the Ecumenical Temple
  3709 | Temple   | Became a worshipper of Trog the Wrathful
  3803 | D:4      | Found Yshatops's Food Emporium.
  4072 | D:5      | Entered Level 5 of the Dungeon
  4127 | D:5      | Reached XP level 8. HP: 22/72 MP: 7/7
  4131 | D:5      | Reached skill level 8 in Unarmed Combat
  4561 | D:5      | Reached skill level 9 in Unarmed Combat
  5036 | D:6      | Reached * piety under Trog
  5153 | D:7      | Reached skill level 10 in Unarmed Combat
  5153 | D:7      | Reached XP level 9. HP: 67/80 MP: 8/8
  5173 | D:7      | Found a white marble altar of Elyvilon.
  5365 | D:7      | Reached skill level 11 in Unarmed Combat
  5433 | D:7      | Found Qex Soti's Assorted Antiques.
  5716 | D:8      | Reached ** piety under Trog
  6103 | D:8      | Found Aseni's Assorted Antiques.
  6106 | D:8      | Bought a glowing hat for 203 gold pieces
  6146 | D:8      | Found a shimmering altar of Xom.
  6428 | D:9      | Found a blossoming altar of Fedhas.
  6602 | D:9      | Reached skill level 12 in Unarmed Combat
  6632 | D:9      | Reached XP level 10. HP: 42/91 MP: 9/9
  6644 | D:9      | Got a faintly glowing hand crossbow
  6722 | D:9      | Identified the +8 hand crossbow of Foolhardiness {flame, +Blink rF+ MR+ Dex-3} (You took it off a wight on level 9 of the Dungeon)
  6824 | D:9      | Found a stormy altar of Qazlal.
  6835 | D:9      | Found a staircase to the Lair.
  6844 | D:9      | Reached skill level 13 in Unarmed Combat
  7056 | D:9      | Reached *** piety under Trog
  7118 | D:9      | Found a glowing silver altar of Zin.
  7119 | D:9      | Found an ornate altar of the Wu Jian Council.
  7255 | D:10     | Entered Level 10 of the Dungeon
  7277 | Lair:1   | Entered Level 1 of the Lair of Beasts
  7355 | Lair:1   | Noticed a spiny frog
  7363 | Lair:1   | Killed a spiny frog
  7469 | Lair:1   | Reached skill level 14 in Unarmed Combat
  7634 | Lair:1   | Found a snail-covered altar of Cheibriados.
  7976 | Lair:1   | Noticed a spiny frog
  7982 | Lair:1   | Killed a spiny frog
  7982 | Lair:1   | Reached XP level 11. HP: 41/96 MP: 10/10
  8431 | Lair:2   | Mangled by a blink frog

Skill      XL: |  1  2  3  4  5  6  7  8  9 10 |
---------------+-------------------------------+-----
Unarmed Combat | 1 2 3 5 6 7 10 12 14 | 14.5
Throwing       | 4 |  4.5
Dodging        | 2 3 4 |  4.6
Fighting       | 2 3 |  3.6
Stealth        | 1 2 |  2.1
Crossbows      | |  0.4

Action                   |  1- 3 |  4- 6 |  7- 9 | 10-12 || total
-------------------------+-------+-------+-------+-------++-------
Melee: Unarmed           |   138 |   118 |   271 |   148 ||   675
       Short sword       |       |     2 |       |       ||     2
       Punch             |       |       |     9 |     8 ||    17
 Fire: Hand crossbow     |       |       |       |     4 ||     4
Throw: Large rock        |       |     6 |     6 |       ||    12
Invok: Burn Spellbooks   |       |       |     2 |       ||     2
       Berserk           |       |       |     3 |     3 ||     6
       Trog's Hand       |       |       |     1 |     3 ||     4
  Use: Scroll            |       |     3 |     1 |     3 ||     7
 Stab: Sleeping          |     1 |     1 |     1 |     1 ||     4
  Eat: Ration            |     3 |     2 |     4 |     2 ||    11
       Chunk             |     4 |     7 |    25 |    20 ||    56
Armor: Robe              |    41 |    37 |    64 |    27 ||   169
Dodge: Dodged            |    60 |    51 |    90 |    66 ||   267
